 Dungeon Crawl Stone Soup version 0.14-a0-1499-g388a102 (webtiles) character file.

251 July the Insei (level 4, 0/28 HPs)
             Began as an Octopode Transmuter on Dec 16, 2013.
             Slain by Sigmund
             ... wielding a +0,+0 scythe
              (3 damage)
             ... on Level 3 of the Dungeon.
             The game lasted 00:07:26 (2237 turns).

July the Insei (Octopode Transmuter)                Turns: 2237, Time: 00:07:26

HP   0/28        AC  1     Str  9      XL: 4   Next: 83%
MP   8/8         EV 12     Int 16      God:
Gold 146         SH  0     Dex 12      Spells:  1 memorised,  7 levels left

rFire  + . .     SeeInvis .       - Unarmed
rCold  x . .     Clarity  .     (no shield)
rNeg   . . .     Conserve .     (helmet restricted)
rPois  .         rCorr    .     (no amulet)
rElec  .         rRot     .     k - ring of fire
SustAb . .       Spirit   .     (no ring)
rMut   .         Warding  .     (no ring)
Saprov . . .     Stasis   .     (no ring)
                                (no ring)
                                (no ring)
                                (no ring)
                                (no ring)

@: slowed, very slow, slightly resistant to hostile enchantments, fairly
stealthy
A: almost no armour, amphibious, 8 rings, constrict 8, camouflage 1, gelatinous
body 1
a: no special abilities


You were on level 3 of the Dungeon.
You were hungry.

You visited 1 branch of the dungeon, and saw 3 of its levels.

You collected 146 gold pieces.

Inventory:

Missiles
 b - 12 arrows
 h - 21 darts (quivered)
Comestibles
 a - a bread ration
 c - a meat ration
 j - a cheese
 l - a rambutan
Scrolls
 e - 2 scrolls of remove curse {unknown}
 f - a scroll of random uselessness {unknown}
 m - a scroll of noise {unknown}
 n - a scroll of teleportation {unknown}
 q - a scroll of identify {unknown}
 t - 2 scrolls of fog {unknown}
Jewellery
 k - a ring of fire (left tentacle)
Potions
 g - 2 potions of restore abilities {unknown}
 i - a potion of degeneration {unknown}
 o - a potion of lignification {unknown}
 p - a potion of agility {unknown}
 r - a potion of curing {unknown}
 s - a potion of speed
 u - a potion of invisibility {unknown}
Books
 d - a book of Changes

   Spells                             Type                      Level
   *Beastly Appendage                 Transmutation                1
   Sticks to Snakes                   Transmutation                2
   Spider Form                        Transmutation/Poison         3
   Ice Form                           Ice/Transmutation            4
   Blade Hands                        Transmutation                5


   Skills:
 - Level 1.0 Fighting
 - Level 2.0 Dodging
 - Level 4.1 Unarmed Combat
 + Level 2.7 Spellcasting
 * Level 3.2 Transmutations


You had 7 spell levels left.
You knew the following spells:

 Your Spells              Type           Power        Failure   Level  Hunger
a - Beastly Appendage     Trmt           ##....       8%          1    #......


Dungeon Overview and Level Annotations

Branches:
Dungeon (3/16)

Altars:
Zin

Annotations:
D:3 Sigmund


Innate Abilities, Weirdness & Mutations

You cannot wear most types of armour.
You are amphibious.
You can wear up to eight rings at the same time.
You can use your tentacles to constrict many enemies at once.
Your skin changes colour to match your surroundings (Stlth).
Your rubbery body absorbs attacks (AC +1).


Message History

You hear a zap.
Something tries to affect you, but you resist.
The puff of flame misses you.
You hear a zap.
Something tries to affect you, but you resist.
You hear a zap.
You feel as though you will be slow longer.
Something tries to affect you, but you resist.
You hear the slow rusting of a distant drain.
You hear a zap.
Something tries to affect you, but you resist.
A giant cockroach comes into view.
The magic dart hits you!
* * * LOW HITPOINT WARNING * * *
The giant cockroach bites you.
* * * LOW HITPOINT WARNING * * *
You see here a leather armour.
You hit the giant cockroach but do no damage.
Your grab misses the giant cockroach. It hits you.
You die...

............. ...
............. ...
............. ... #..
.............. ... .......
...........# #.# #.......
#..........# #.# .........
.......##### #.# #.........
#<.....# #s# #.........
#......# #@# #.........
######.# #.# #.{........
#.#########.######.)........
#...........................
#.########.#####............
### #.# #............ ..#
#........... ####
#........... ##.♣♣._.♣..#


You could see a giant cockroach.

Vanquished Creatures
  Ijyb (D:2)
  3 adders (D:2)
  2 giant geckos
  2 oozes (D:1)
  2 giant cockroaches (D:1)
  6 goblins
  6 hobgoblins
  4 jackals (D:1)
  9 kobolds
  A quokka (D:2)
  A ball python (D:1)
  9 bats
  4 giant newts (D:2)
  4 rats
54 creatures vanquished.

Notes
Turn   | Place    | Note
--------------------------------------------------------------
     0 | D:1      | July, the Octopode Transmuter, began the quest for the Orb.
     0 | D:1      | Reached XP level 1. HP: 13/13 MP: 3/3
   200 | D:1      | Reached XP level 2. HP: 8/18 MP: 4/4
   502 | D:1      | Reached XP level 3. HP: 12/23 MP: 6/6
  1273 | D:2      | Noticed Ijyb
  1287 | D:2      | Killed Ijyb
  1287 | D:2      | Reached skill level 4 in Unarmed Combat
  1287 | D:2      | Reached XP level 4. HP: 24/28 MP: 6/8
  2219 | D:3      | Found a glowing silver altar of Zin.
  2222 | D:3      | Noticed Sigmund
  2237 | D:3      | Slain by Sigmund

Action                   |  1- 3 |  4- 6 || total
-------------------------+-------+-------++-------
Melee: Unarmed           |    91 |    50 ||   141
 Cast: Beastly Appendage |     1 |       ||     1
 Stab: Sleeping          |     3 |       ||     3
